 Dungeon Crawl Stone Soup version 0.30-a0-930-gb9d0489357 (webtiles) character file.

Game seed: 1237488710060120684

1173 ZappyNine the Covert (level 8, -9/42 HPs)
             Began as a Vine Stalker Brigand on Mar 23, 2023.
             Shot with an arrow by a centaur (13 damage)
             ... on level 7 of the Dungeon.
             The game lasted 00:07:56 (4298 turns).

ZappyNine the Covert (Vine Stalker Brigand)         Turns: 4298, Time: 00:07:57

Health: -9/42      AC:  4    Str: 13    XL:     8   Next: 41%
Magic:  0/14       EV: 12    Int: 17    God:
Gold:   245        SH:  0    Dex: 25    Spells: 10/13 levels left

rFire   . . .      SeeInvis .    q - +0 short sword (elec)
rCold   . . .      Faith    .    (no shield)
rNeg    . . .      Spirit   +    b - +0 robe
rPois   .          Reflect  .    n - +0 helmet
rElec   .          Rampage  .    c - +0 cloak
rCorr   .                        (no gloves)
Will    ++...                    (no boots)
Stlth   +++++                    y - amulet of Nilalas {RegenMP Will+ Stlth+}
HPRegen 1.07/turn                k - +6 ring of dexterity
MPRegen 0.54/turn                r - +6 ring of intelligence

@: marked
A: fangs 3, regeneration 1, magic shield, antimagic bite, no potion heal 2
a: no special abilities


You were on level 7 of the Dungeon.
You visited 1 branch of the dungeon, and saw 7 of its levels.

You collected 245 gold pieces.

Inventory:

Hand Weapons
 a - a +2 dagger
 q - a +0 short sword of electrocution (weapon)
Missiles
 d - 16 poisoned darts (quivered)
 e - 3 curare-tipped darts
Armour
 b - a +0 robe (worn)
 c - a +0 cloak (worn)
 n - a +0 helmet (worn)
Jewellery
 k - a +6 ring of dexterity (left hand)
 r - a +6 ring of intelligence (right hand)
 y - the amulet of Nilalas (around neck) {RegenMP Will+ Stlth+}
   (You found it on level 5 of the Dungeon)

   [amulet of magic regeneration]

   It increases your rate of magic regeneration.
   Will:      It increases your willpower.
   Stlth:     It makes you more stealthy.
 z - a ring of protection from cold
Scrolls
 f - 3 scrolls of fog {unknown}
 g - a scroll of torment {unknown}
 h - a scroll of brand weapon {unknown}
 l - a scroll of enchant weapon {unknown}
 m - 7 scrolls of identify {unknown}
 o - a scroll of immolation {unknown}
 t - a scroll of teleportation {unknown}
 v - a scroll of noise {unknown}
 x - a scroll of butterflies {unknown}
Potions
 i - 5 potions of lignification {unknown}
 j - 2 potions of attraction {unknown}
 p - 4 potions of heal wounds {unknown}
 s - a potion of brilliance {unknown}
 u - 2 potions of curing {unknown}
 w - 2 potions of flight {unknown}
 A - a potion of berserk rage {unknown}


   Skills:
 + Level 4.8 Fighting
 - Level 2.1 Short Blades
 - Level 1.7 Throwing
 - Level 1.3 Dodging
 + Level 8.3 Stealth
 - Level 3.3 Spellcasting
 - Level 3.3 Hexes
 - Level 3.2 Ice Magic


You had 10 spell levels left.
You knew the following spells:

 Your Spells              Type           Power      Damage    Failure   Level
a - Ensorcelled Hibernat  Hex/Ice        28%        N/A       7%          2
b - Summon Small Mammal   Summ           8%         N/A       17%         1

Your spell library contained the following spells:

 Spells                   Type           Power      Damage    Failure   Level
 Frozen Ramparts          Ice            28%        1d5       13%         3
 Apportation              Tloc           4%         N/A       17%         1
 Necrotise                Necr           8%         1d4       17%         1
 Cigotuvi's Dreadful Rot  Necr/Pois/Air  4%         N/A       26%         2
 Passwall                 Tmut/Erth      1%         N/A       26%         2
 Poisonous Vapours        Pois/Air       4%         N/A       26%         2
 Cause Fear               Hex            7%         N/A       41%         4
 Mephitic Cloud           Conj/Pois/Air  2%         N/A       45%         3
 Swiftness                Air            2%         N/A       45%         3
 Ice Form                 Ice/Tmut       8%         N/A       65%         4
 Summon Ice Beast         Ice/Summ       8%         N/A       65%         4
 Dragon Form              Tmut           1%         N/A       100%        7
 Dragon's Call            Summ           1%         N/A       100%        9


Dungeon Overview and Level Annotations

Branches:
Dungeon (7/15)
 Temple: D:4-7

Altars:
Makhleb

Shops:
D:1 [   D:2 :**(

Annotations:
D:5 2 transporters, Nabski's ghost, novice TeFE


Innate Abilities, Weirdness & Mutations

You have razor-sharp teeth.
Your natural rate of healing is unusually fast.
When hurt, damage is shared between your health and your magic reserves.
Your bite disrupts and absorbs the magic of your enemies.
Potions cannot restore your health.


Message History

With a horrendous wail, an alarm goes off!
A sentinel's mark forms upon you.
The bullfrog gives a loud, deep croak!
The jelly quivers.
You hear a shout!
You hear a loud, deep croak!
You hear a shout! x3
You hear an angry buzzing noise.
You hear a bark!
You hear a howl!
You hear a shout! x2; You hear an angry buzzing noise.
You hear a shout!
You hear an angry buzzing noise.
You hear a shout!
You hear an angry buzzing noise. x3; You hear a bark!
Found 17 gold pieces and a scroll labelled YCOUQA JARGHUST.
There is a stone staircase leading up here.
Unknown command.
The gnoll attacks as you move away! The gnoll hits you with a +0 flail.
The gnoll attacks as you move away! The gnoll barely misses you.
A sky beast comes into view. x2
The sky beast moves out of view.
Your attacks no longer feel as feeble.
The gnoll attacks as you move away! The gnoll hits you with a +0 flail.
The sky beast flickers out of sight!
Deactivating autopickup; reactivate with Ctrl-A.
The gnoll attacks as you move away! The gnoll hits you with a +0 flail!
A centaur comes into view.
The gnoll barely misses you. The gnoll attacks as you move away!
The gnoll closely misses you.
Found 8 gold pieces.
The gnoll closely misses you.
A sky beast appears from thin air!
Reactivating autopickup.
The centaur wields a +0 shortbow.
The centaur shoots an arrow.
The arrow closely misses you.
The arrow hits the gnoll.
The centaur shoots an arrow.
The arrow hits you!
A killer bee comes into view.
An orc comes into view. It is wielding a +0 club.
Found a metallic pink potion.
The centaur shoots an arrow.
The arrow hits you. The gnoll attacks as you move away!
The gnoll hits you with a +0 flail!
* * * LOW HITPOINT WARNING * * *
The centaur shoots an arrow.
The arrow hits you!
* * * LOW HITPOINT WARNING * * *
A killer bee comes into view.
The centaur shoots an arrow.
The arrow hits you!
You die...

...........# ....
............###.y..
...................
#.......................
..............c.........
.......?........$.......
.............gF.y.......
#............g.@.......
#........J.#..........
#..........###..#.....
.##...<.....Y.#.!## ....
.........Y..$###.# ...
.......#....###..# ..
.J..####ยง.....##.. #
.... #...#o...#.. ..F
.....###......


You could see a bullfrog, a centaur, a jelly, 2 killer bees and 2 gnolls.

Vanquished Creatures
  Grinder (D:4)
  An ice beast (D:5)
  3 centaurs
  A phantom (D:6)
  A kobold brigand (D:6)
  2 scorpions
  A howler monkey (D:6)
  A hound (D:5)
  A jelly (D:6)
  An iguana (D:4)
  2 sleepcaps
  4 gnolls
  6 adders
  An ufetubus (D:4)
  A worm (D:4)
  2 dart slugs
  11 orcs
  11 ball pythons
  8 endoplasms
  5 giant cockroaches
  7 goblins
  5 hobgoblins
  5 jackals
  11 kobolds
  5 quokkas
  6 bats
  2 frilled lizards
  4 rats
109 creatures vanquished.

Notes
Turn   | Place    | Note
-------+----------+-------------------------------------------
     0 | D:1      | ZappyNine the Vine Stalker Brigand began the quest for the
                  | Orb.
     0 | D:1      | Reached XP level 1. HP: 11/11 MP: 2/2
    72 | D:1      | You fall into a shaft and drop 1 floor!
    87 | D:2      | Reached skill level 5 in Stealth
   105 | D:1      | Reached skill level 1 in Dodging
   105 | D:1      | Reached XP level 2. HP: 15/15 MP: 3/3
   423 | D:1      | Reached XP level 3. HP: 18/18 MP: 4/4
   435 | D:1      | Found Ikyupicua's Armour Emporium.
   745 | D:2      | Found Cuomomit's Weapon Shoppe.
   948 | D:2      | Found Guen's Magic Scroll Emporium.
  1009 | D:2      | Found Neollir's General Store.
  1019 | D:2      | Found Siqyxot's Book Emporium.
  1071 | D:2      | Learned a level 2 spell: Ensorcelled Hibernation
  1238 | D:2      | Found Tuafium's Assorted Antiques.
  1574 | D:3      | Found a burning altar of Makhleb.
  1638 | D:3      | Gained mutation: Your natural rate of healing is unusually
                  | fast. [Vine Stalker growth]
  1638 | D:3      | Reached XP level 4. HP: 23/23 MP: 5/5
  1670 | D:3      | Reached skill level 1 in Spellcasting
  1670 | D:3      | Reached skill level 1 in Ice Magic
  1675 | D:3      | Reached skill level 1 in Hexes
  2231 | D:3      | Reached XP level 5. HP: 11/26 MP: 2/8
  2545 | D:4      | Noticed Grinder
  2557 | D:4      | Reached XP level 6. HP: 29/30 MP: 7/10
  2603 | D:4      | Killed Grinder
  2604 | D:4      | Reached XP level 7. HP: 22/35 MP: 6/13
  2894 | D:4      | Learned a level 1 spell: Summon Small Mammal
  3066 | D:5      | Entered Level 5 of the Dungeon
  3090 | D:5      | Reached skill level 6 in Stealth
  3213 | D:5      | Found a transporter.
  3216 | D:5      | Noticed Nabski's ghost (novice TeFE)
  3218 | D:5      | Found a transporter.
  3223 | D:5      | Noticed a wyvern
  3601 | D:5      | Identified the amulet of Nilalas {RegenMP Will+ Stlth+}
  3826 | D:5      | Reached skill level 7 in Stealth
  3967 | D:6      | Gained mutation: You have razor-sharp teeth. [Vine Stalker
                  | growth]
  3967 | D:6      | Reached XP level 8. HP: 12/42 MP: 3/14
  4095 | D:6      | Reached skill level 8 in Stealth
  4298 | D:7      | Shot with an arrow by a centaur

Illustrated notes

Levels and vault maps discovered:
D:1:      lemuel_arrival_room, layout_loops_ring, serial_shops,
          nicolae_shop_stone
D:2:      layout_loops_ring, serial_shops, shop_statue, shop, shop,
          nicolae_shop_bloodbath_and_beyond, shop
D:3:      layout_loops_ring, lemuel_crystal_altar
D:4:      layout_basic, uniq_grinder
D:5:      layout_cave_pods, gammafunk_ghost_arena,
          amcnicky_mini_corridor_feature, serial_park_tiny_1
D:6:      layout_cave_pools, nicolae_figureground_sparkle
D:7:      gammafunk_the_bubble [the_bubble_gammafunk_split], layout_cave_pools,
          minmay_temple_entry_junction, kennysheep_pointless_box, uniq_maggie

Skill      XL: |  1  2  3  4  5  6  7  8 |
---------------+-------------------------+-----
Stealth        | 5 7 8 |  8.3
Dodging        | 1 |  1.3
Fighting       | 2 4 |  4.8
Short Blades   | 2 |  2.1
Spellcasting   | 1 2 3 |  3.3
Ice Magic      | 1 2 3 |  3.2
Hexes          | 1 2 3 |  3.3
Throwing       | |  1.7

Action                     |  1- 3 |  4- 6 |  7- 9 || total
---------------------------+-------+-------+-------++-------
  Melee: Dagger            |   128 |    38 |       ||   166
         Bite              |    25 |    33 |    11 ||    69
         Short sword       |       |    66 |    53 ||   119
         Punch             |       |     1 |     3 ||     4
   Cast: Ensorcelled Hiber |       |     6 |     6 ||    12
   Stab: Sleeping          |    14 |     9 |    16 ||    39
 Armour: Robe              |    34 |     9 |    12 ||    55
  Dodge: Dodged            |    83 |    48 |    53 ||   184

Table legend: (Time is in decaauts)
 A = Elapsed time spent in this place.
 B = Non-inter-level travel time spent in this place.
 C = Inter-level travel time spent in this place.
 D = Time resting spent in this place.
 E = Time spent auto-exploring this place.
 F = Levels seen in this place.
 G = Mean time per level.
                   A        B        C        D        E       F      G
               +--------+--------+--------+--------+--------+-----+--------+
         Total |   4267 |   4129 |    138 |    241 |   2984 |   7 |  609.6 |
       Dungeon |   4267 |   4129 |    138 |    241 |   2984 |   7 |  609.6 |
               +--------+--------+--------+--------+--------+-----+--------+

Top non-repeatable levels by time:
     D:3: 899 daAuts
     D:5: 875 daAuts
     D:2: 771 daAuts
     D:1: 705 daAuts
     D:4: 664 daAuts
     D:6: 340 daAuts
     D:7: 11 daAuts
